Map: Simulacrum LE

Players

SortOf

  • Race: Zerg Zerg
  • Spawn Location: 5:00

SKillous - Winner!

  • Race: Protoss Protoss
  • Spawn Location: 11:00

Event: StayAtHomestory Cup #1

VOD

Have the link to the VOD?

Description

Time

  • Played on: April 10, 2020, 12:43 p.m.
  • Length: 12:26

All games in this series

Show
View Real Time Build Order
Export as new Build Order

SortOf Zerg 

Build Orders: Hatch First 

Get SALT Encoding   

  12  0:01  Drone  
  13  0:12  Overlord  
  13  0:18  Drone  
  14  0:31  Drone x2  
  16  0:48  Hatchery  
  15  0:51  Drone  
  15  0:55  Drone  
  17  0:58  Drone  
  18  1:08  Extractor  
  17  1:14  Spawning Pool  
  17  1:17  Drone  
  17  1:20  Drone  
  18  1:29  Drone  
  20  1:40  Drone  
  20  1:50  Hatchery, Drone  
  20  2:01  Queen  
  20  2:05  Zergling x2  
  23  2:10  Drone  
  24  2:18  Overlord  
  24  2:21  Drone  
  25  2:29  Queen  
  27  2:31  Zergling x2  
  28  2:38  Drone x3  
  31  2:45  Queen  
  31  2:49  Drone  
  31  2:51  Drone  
  35  2:55  Drone  
  36  3:01  Queen  
  36  3:04  Overlord  
  38  3:07  Drone  
  39  3:13  Drone x3  
  39  3:18  Overlord  
  42  3:29  Drone  
  42  3:30  Metabolic Boost  
  42  3:31  Drone x2  
  42  3:33  Spore Crawler  
  44  3:35  Spore Crawler  
  44  3:40  Drone x2  
  44  3:41  Drone, Evolution Chamber  
  45  3:42  Drone  
  45  3:46  Zergling x4  
  48  3:49  Drone x2  
  48  3:52  Spore Crawler  
  48  3:53  Drone  
  50  3:56  Drone  
  50  3:59  Overlord  
  50  4:00  Drone x2  
  50  4:02  Drone  
  55  4:05  Drone  
  55  4:06  Spore Crawler  
  55  4:08  Overlord  
  55  4:13  Zerg Melee Weapons Level 1  
  55  4:19  Drone x3  
  58  4:24  Overlord  
  58  4:26  Queen  
  58  4:29  Zergling x6  
  58  4:30  Zergling x2  
  63  4:33  Zergling x4  
  65  4:40  Overlord  
  65  4:41  Baneling Nest  
  65  4:44  Drone x5  
  69  4:49  Extractor  
  69  4:50  Drone x2  
  69  4:51  Drone x2  
  72  5:00  Zergling x4, Hatchery  
  72  5:03  Zergling x4  
  72  5:04  Zergling x2  
  76  5:08  Zergling x6  
  76  5:12  Zergling x2  
  80  5:16  Overlord x2  
  79  5:22  Overlord  
  79  5:24  Overlord  
  79  5:25  Overlord  
  77  5:29  Overlord  
  77  5:32  Overlord  
  77  5:34  Baneling x9  
  77  5:35  Baneling x2  
  77  5:39  Zergling x12  
  83  5:46  Zergling x4, Spine Crawler  
  84  5:51  Zergling x14  
  84  5:53  Zergling x2  
  92  5:59  Zergling x8  
  92  6:01  Baneling x5  
  96  6:09  Zergling x6  
  96  6:10  Queen  
  96  6:15  Zergling x2  
  88  6:20  Zergling x8  
  83  6:26  Roach Warren  
  83  6:27  Zergling x14  
  83  6:30  Zergling x6  
  92  6:32  Baneling  
  92  6:38  Zergling x6  
  94  6:43  Zergling x4  
  95  6:51  Zergling x6  
  80  6:55  Zergling x14, Queen  
  80  6:58  Zergling x4  
  83  7:01  Zergling x4  
  83  7:04  Zergling x4  
  83  7:05  Zergling x2  
  83  7:07  Baneling x3  
  82  7:11  Zergling x2  
  82  7:12  Zergling x4  
  82  7:13  Baneling x4  
  82  7:15  Zergling x2  
  82  7:19  Zergling x4  
  82  7:22  Zergling x2  
  75  7:31  Baneling x8  
  68  7:37  Zergling x10  
  68  7:39  Drone x2  
  74  7:48  Zergling x14  
  76  7:52  Drone x3  
  77  8:01  Drone x6  
  77  8:04  Queen  
  85  8:08  Roach  
  85  8:09  Roach  
  85  8:10  Baneling x2  
  85  8:11  Baneling  
  89  8:15  Drone x3  
  89  8:18  Drone  
  89  8:19  Drone x2  
  94  8:20  Drone  
  93  8:29  Drone x2  
  93  8:37  Roach x3  
  93  8:40  Extractor  
  93  8:41  Extractor, Drone x2  
  97  8:42  Drone  
  97  8:45  Roach  
  97  8:47  Spore Crawler, Queen  
  97  8:48  Extractor  
  102  8:51  Roach x5  
  102  8:55  Extractor  
  111  8:57  Drone x2  
  111  8:58  Drone  
  111  8:59  Roach  
  116  9:03  Roach x2  
  116  9:08  Overlord  
  120  9:11  Overlord  
  120  9:13  Lair  
  120  9:14  Overlord  
  120  9:18  Drone  
  120  9:19  Drone x2  
  120  9:22  Zergling x16  
  130  9:24  Overlord  
  130  9:25  Overlord  
  130  9:31  Zergling x4  
  131  9:36  Zergling x8  
  135  9:41  Ravager x4  
  135  9:42  Ravager  
  135  9:43  Zergling x6  
  143  9:48  Zergling x8  
  143  9:52  Ravager  
  148  9:54  Ravager  
  148  9:55  Zergling x6  
  148  9:59  Baneling x4  
  152  10:03  Zergling x6  
  152  10:10  Baneling x6  
  152  10:12  Zergling x20  
  156  10:17  Zergling x4  
  156  10:18  Zergling x6  
  153  10:25  Zergling x6  
  137  10:28  Zergling x6  
  137  10:29  Zergling x2  
  137  10:34  Zergling x10  
  125  10:38  Zergling x2  
  108  10:43  Glial Reconstitution  
  108  10:45  Roach x4  
  108  10:49  Drone x3  
  116  10:52  Roach  
  116  10:53  Baneling x11  
  118  10:58  Roach  
  118  10:59  Roach x2  
  124  11:06  Roach x5  
  124  11:10  Overlord  
  134  11:18  Roach x6  
  143  11:24  Overlord  
  141  11:29  Zergling x2, Roach x2  
  141  11:30  Zergling x6  
  149  11:37  Overlord  
  149  11:39  Roach x4  
  157  11:43  Baneling x4  
  157  11:44  Zergling x2  
  156  11:49  Zergling x14  
  156  11:51  Zergling x2, Ravager x2  
  156  11:52  Zergling x2  
  156  11:53  Zergling x2  
  153  11:56  Zergling x4  
  153  11:57  Zergling x2  
  153  12:00  Zergling x2  
  139  12:01  Zergling x2  
  139  12:03  Zergling x6  
  139  12:05  Zergling x4  
Show
View Real Time Build Order
Export as new Build Order

SKillous Protoss - Winner!

Build Orders: 1 Gate Expand, Oracle Opening, Phoenix Opening 

Get SALT Encoding   

  12  0:00  Probe  
  13  0:12  Probe  
  14  0:20  Pylon  
  14  0:25  Probe  
  15  0:38  Probe (Chrono Boost)  
  15  0:40  Gateway  
  16  0:48  Probe (Chrono Boost), Assimilator  
  17  0:53  Probe (Chrono Boost)  
  18  1:05  Probe  
  19  1:17  Probe  
  20  1:24  Nexus  
  20  1:36  Cybernetics Core  
  20  1:38  Probe  
  21  1:45  Assimilator  
  21  1:50  Probe  
  21  1:53  Pylon  
  22  2:02  Probe  
  23  2:10  Adept (Chrono Boost)  
  23  2:14  Probe  
  26  2:19  Stargate  
  26  2:27  Probe (Chrono Boost), Warp Gate  
  27  2:35  Stalker  
  27  2:37  Probe (Chrono Boost)  
  30  2:39  Probe (Chrono Boost)  
  31  2:46  Probe (Chrono Boost)  
  31  2:47  Probe (Chrono Boost)  
  33  2:51  Probe (Chrono Boost)  
  33  2:53  Probe  
  35  3:00  Oracle (Chrono Boost)  
  35  3:03  Probe  
  35  3:05  Probe  
  40  3:13  Pylon  
  40  3:15  Probe  
  40  3:17  Probe  
  42  3:27  Probe  
  42  3:29  Probe  
  42  3:30  Phoenix (Chrono Boost)  
  47  3:41  Probe  
  47  3:42  Gateway  
  47  3:45  Gateway, Twilight Council  
  48  3:53  Gateway  
  48  3:55  Gateway  
  47  3:57  Gateway  
  47  4:00  Probe x2  
  49  4:09  Pylon  
  49  4:10  Assimilator  
  49  4:11  Assimilator  
  49  4:12  Probe  
  50  4:17  Resonating Glaives (Chrono Boost)  
  50  4:24  Adept  
  50  4:25  Probe x2  
  55  4:41  Adept x2  
  55  4:43  Nexus  
  58  4:46  Pylon  
  58  4:50  Adept x2  
  62  4:57  Pylon  
  62  5:06  Adept x3  
  68  5:09  Adept  
  70  5:15  Probe  
  69  5:25  Probe  
  70  5:30  Pylon  
  70  5:31  Pylon  
  70  5:32  Nexus  
  70  5:34  Pylon  
  70  5:37  Pylon  
  70  5:38  Pylon  
  70  5:49  Adept x5  
  80  5:52  Adept  
  80  5:54  Probe  
  80  5:57  Probe  
  84  6:07  Probe  
  84  6:09  Probe  
  85  6:17  Adept x6  
  93  6:20  Pylon  
  93  6:30  Nexus  
  91  6:32  Pylon  
  89  6:40  Adept  
  89  6:41  Adept x2  
  95  6:50  Adept x3  
  95  6:51  Probe  
  95  6:52  Probe  
  90  7:03  Probe  
  90  7:04  Adept  
  90  7:06  Adept x3  
  90  7:07  Probe  
  99  7:15  Probe  
  99  7:19  Probe  
  98  7:27  Probe  
  97  7:31  Probe  
  86  7:37  Nexus  
  86  7:39  Probe, Pylon  
  86  7:40  Adept  
  86  7:41  Adept x5  
  86  7:43  Probe  
  84  7:52  Probe (Chrono Boost)  
  84  7:55  Probe (Chrono Boost)  
  84  7:57  Robotics Facility  
  78  7:59  Robotics Facility  
  78  8:02  Sentry x2  
  78  8:03  Sentry  
  78  8:04  Probe (Chrono Boost)  
  86  8:07  Probe (Chrono Boost)  
  86  8:09  Adept, Blink (Chrono Boost)  
  86  8:10  Probe (Chrono Boost)  
  86  8:12  Probe (Chrono Boost), Forge  
  88  8:24  Sentry  
  88  8:25  Sentry x2  
  92  8:28  Sentry  
  92  8:31  Probe  
  92  8:32  Adept  
  92  8:33  Sentry  
  97  8:34  Probe  
  97  8:36  Pylon  
  98  8:45  Cybernetics Core  
  98  8:46  Immortal x2 (Chrono Boost)  
  98  8:48  Probe  
  107  8:50  Probe  
  107  8:51  Stalker  
  107  8:54  Protoss Ground Weapons Level 1 (Chrono Boost)  
  110  9:02  Templar Archives  
  110  9:07  Assimilator  
  110  9:09  Assimilator  
  111  9:16  Pylon  
  111  9:21  Immortal (Chrono Boost)  
  118  9:26  Immortal (Chrono Boost)  
  118  9:33  Pylon x2  
  118  9:38  Stalker x3  
  124  9:42  Pylon, High Templar x2  
  128  9:50  Archon  
  128  9:54  Shield Battery  
  128  9:55  Shield Battery  
  128  9:57  High Templar  
  130  10:02  Gateway  
  130  10:03  Zealot x3  
  130  10:05  Gateway  
  136  10:16  High Templar, Zealot  
  125  10:33  Probe x2, Archon  
  125  10:34  Warp Prism (Chrono Boost)  
  117  10:43  Zealot x5  
  123  10:58  Stalker x2  
  123  11:02  Gateway  
  123  11:03  Gateway  
  127  11:06  Stalker x3  
  127  11:08  High Templar x2  
  137  11:15  Cybernetics Core  
  137  11:17  Archon  
  135  11:22  Zealot  
  137  11:26  High Templar  
  137  11:27  High Templar  
  137  11:30  High Templar x2  
  137  11:31  Archon  
  145  11:34  Archon  
  145  11:35  Zealot  
  145  11:38  Pylon  
  141  11:57  Stalker x3  
  141  11:58  Stalker x3  
  125  12:10  Stalker x4  
Tags
 
Add a new tag
Caveats
  • Supply blocks, unpowered buildings, or Contaminate may cause inaccurate times.
  • Supply counts are checked every 10 seconds.